AoeStats
← C a b a l l e r o

Arabia

510655006Analyzed
1v1 RM · 15h ago on Oct 2, 2026· 61m 6s· 2 players
Game mode
Random Map
Map size
Tiny (2 player)
Population
200
Speed
Normal
Resources
Standard
Victory
Conquest
Starting age
Dark Age
Ending age
Imperial Age
RankedLock teamsTeams togetherTeam positionsShared explorationLock speedFull tech treeHidden civsTurbo modeCheats
Victory
Defeat
🇧🇷 Ethiopians · Brazil
1110
+17
🇲🇦 Malians · Morocco
1124
-17
C a b a l l e r o
0:26 Loom
9:50 Feudal Age
15:42 Fletching
22:50 Castle Age
23:47 Scale Barding Armor
23:53 Forging
25:00 Husbandry
26:58 Iron Casting
26:55 Crossbowman
26:56 Elite Skirmisher
28:24 Bodkin Arrow
28:30 Padded Archer Armor
30:15 Leather Archer Armor
30:07 Double-Bit Axe
32:06 Ballistics
32:27 Town Watch
33:18 Wheelbarrow
33:56 Thumb Ring
38:35 Horse Collar
42:55 Imperial Age
40:46 Bow Saw
42:50 Light Cavalry
43:04 Arbalester
44:14 Conscription
45:05 Chemistry
45:34 Bracer
48:52 Hand Cart
52:33 Two-Man Saw
50:56 Hussar
58:05 Chain Barding Armor
58:46 Blast Furnace
58:16 Ring Archer Armor
OZA
8:49 Loom
11:29 Feudal Age
19:00 Castle Age
18:14 Double-Bit Axe
19:17 Fletching
21:43 Wheelbarrow
24:41 Scale Mail Armor
26:53 Chain Mail Armor
34:05 Forging
34:49 Bow Saw
35:44 Iron Casting
35:24 Horse Collar
36:52 Ballistics
36:14 Elite Skirmisher
38:14 Tigui
39:06 Thumb Ring
44:19 Imperial Age
41:45 Treadmill Crane
44:47 Hand Cart
45:00 Bodkin Arrow
46:08 Chemistry
46:18 Conscription
46:35 Plate Mail Armor
46:06 Padded Archer Armor
50:35 Guilds
57:12 Husbandry
57:23 Bloodlines
56:33 Heavy Camel Rider
58:36 Scale Barding Armor
Connection lost

Rejoining the realm…

Still unreachable

The connection could not be restored.

Session expired

The server has moved on; the page needs a fresh start.